 Dungeon Crawl Stone Soup version 0.31.0-11-ge490571c62 (webtiles) character file.

Game seed: 7714483824959704466

2 Bravepunisher the Ducker (level 1, -10/11 HPs)
             Began as a Spriggan Monk on Jan 26, 2024.
             Mangled by a kobold
             ... wielding a +0 short sword of electrocution
              (13 damage)
             ... on level 1 of the Dungeon.
             The game lasted 00:00:37 (123 turns).

Bravepunisher the Ducker (Spriggan Monk)             Turns: 123, Time: 00:00:39

Health: -10/11     AC:  2    Str:  7    XL:     1   Next: 25%
Magic:  2/2        EV: 18    Int: 11    God:
Gold:   32         SH:  0    Dex: 17    Spells: 0/0 levels left

rFire   . . .        a - +0 short sword
rCold   . . .        (no shield)
rNeg    . . .        b - +0 robe
rPois   .            (helmet restricted)
rElec   .            (no cloak)
rCorr   .            (gloves unavailable)
SInv    +            (boots unavailable)
Will    .....        (no amulet)
Stlth   ++           (no ring)
HPRegen 0.21/turn    (no ring)
MPRegen 0.08/turn

%: no passive effects
@: very quick
A: very small, no large weapons, unfitting armour, see invisible, speed 3
a: no special abilities


You were on level 1 of the Dungeon.
You visited 1 branch of the dungeon, and saw 1 of its levels.

You collected 32 gold pieces.

Inventory:

Hand Weapons
 a - a +0 short sword (weapon)
Armour
 b - a +0 robe (worn)
Potions
 c - a potion of ambrosia
 d - 2 potions of curing {unknown}


   Skills:
 * Level 2.5 Fighting
 - Level 3.2 Short Blades
 + Level 4.0 Dodging


You couldn't memorise any spells.
You didn't know any spells.
Your spell library was empty.

Dungeon Overview and Level Annotations

Branches:
Dungeon (1/15)

Altars:


Innate Abilities, Weirdness & Mutations

You are very small and have problems with some larger weapons.
You are too small for most types of armour.
You have supernaturally acute eyesight. (SInv)
You cover ground extremely quickly. (Speed+++)


Message History

The kobold shouts!
The endoplasm jiggles.
The hobgoblin closely misses you. The goblin barely misses you.
The endoplasm freezes you.
You are frozen.
The hobgoblin hits you. The goblin attacks as it pursues you!
The goblin closely misses you.
An endoplasm comes into view.
Found a runed sling.
A frilled lizard comes into view.
A goblin comes into view. It is wielding a +0 dagger.
The goblin shouts!
A quokka comes into view.
Found 9 gold pieces.
A frilled lizard comes into view.
You see here a +3 sling of freezing.
A kobold comes into view.
It is wielding a +0 short sword of electrocution.
The frilled lizard hisses angrily.
The kobold shouts!
The frilled lizard hisses angrily.
The frilled lizard misses you.
You closely miss the frilled lizard.
The frilled lizard bites you but does no damage.
The frilled lizard closely misses you. x2
The kobold barely misses you.
The frilled lizard attacks as it pursues you!
The frilled lizard closely misses you. The frilled lizard misses you.
You hit the quokka.
The quokka is moderately wounded.
The quokka closely misses you.
The kobold hits you with a +0 short sword of electrocution.
You closely miss the quokka.
The quokka is moderately wounded.
The frilled lizard closely misses you. The quokka closely misses you.
You hit the quokka.
The quokka is heavily wounded.
The kobold hits you with a +0 short sword of electrocution.
* * * LOW HITPOINT WARNING * * *
You are electrocuted!
Ouch! That really hurt!
You die...

###
######.###########
.....#...........#
.....g...........###
.....#.g...B.).....#
##B###.#.....##B...#
gg...#.#.#.#.##glK.#
##.#.#.#...#.###@l##
.B...#.#..##.# #r##
.#.....#.....# #.#
.............. ...
.#..........r#####
.#.##...# .$.. ##.#
#...####.


You could see a quokka, a giant cockroach, a goblin, a kobold and 2 frilled
lizards.

Vanquished Creatures
  A hobgoblin (D:1)
  A frilled lizard (D:1)
2 creatures vanquished.

Notes
Turn   | Place    | Note
-------+----------+-------------------------------------------
     0 | D:1      | Bravepunisher the Spriggan Monk began the quest for the
                  | Orb.
     0 | D:1      | Reached XP level 1. HP: 11/11 MP: 2/2
   123 | D:1      | Mangled by a kobold

Illustrated notes

Levels and vault maps discovered:
D:1:      spicycebolla_arrival_ecumenical, layout_basic,
          nicolae_figureground_sparkle

Action                     || total
---------------------------++-------
  Melee: Short sword       ||    14
         Punch             ||     1
 Armour: Robe              ||     8
  Dodge: Dodged            ||    15
